 Dungeon Crawl Stone Soup version 0.30-a0-219-gf2db51d15e (webtiles) character file.

Game seed: 2207733487594685604

227 gzilladon the Shield-Bearer (level 5, -14/41 HPs)
             Began as a Demonspawn Fighter on Oct 7, 2022.
             Demolished by an ogre
             ... wielding a +0 giant club
              (16 damage)
             ... on level 4 of the Dungeon.
             The game lasted 00:13:46 (3571 turns).

gzilladon the Shield-Bearer (Demonspawn Fighter)    Turns: 3571, Time: 00:13:46

Health: -14/41     AC: 11    Str: 18    XL:     5   Next: 70%
Magic:  5/5        EV:  5    Int: 10    God:
Gold:   169        SH:  5    Dex: 12    Spells: 4/4 levels left

rFire   . . .      SeeInvis .    y - staff of earth
rCold   . . .      Faith    .    c - +0 buckler
rNeg    . . .      Spirit   .    e - +0 plate armour
rPois   .          Reflect  .    (helmet restricted)
rElec   .          Harm     .    (no cloak)
rCorr   .          Rampage  .    (no gloves)
Will    .....                    (no boots)
Stlth   ..........               (no amulet)
HPRegen 0.26/turn                (no ring)
MPRegen 0.09/turn                (no ring)

@: no status effects
A: horns 1, demonic magic 1
a: no special abilities


You were on level 4 of the Dungeon.
You visited 1 branch of the dungeon, and saw 4 of its levels.

You collected 169 gold pieces.

Inventory:

Hand Weapons
 a - a +0 war axe
Missiles
 k - 11 stones (quivered)
Armour
 b - a +0 scale mail
 c - a +0 buckler (worn)
 e - a +0 plate armour (worn)
 B - the +2 helmet "Becusu" {rElec rF+++ rC++ Str-5}
   (You took it off Robin on level 3 of the Dungeon)

   Str:       It affects your strength (-5).
   rF:        It renders you almost immune to fire.
   rC:        It greatly protects you from cold.
   rElec:     It insulates you from electricity.
Magical Staves
 i - a staff of fire
 y - a staff of earth (weapon)
Jewellery
 n - an amulet of reflection
Wands
 D - a wand of flame (14)
Scrolls
 f - 2 scrolls of identify {unknown}
 g - 2 scrolls of immolation {unknown}
 h - 3 scrolls of vulnerability {unknown}
 j - 3 scrolls of teleportation {unknown}
 o - a scroll of fear {unknown}
 r - a scroll of magic mapping {unknown}
 t - a scroll of poison {unknown}
 u - a scroll of noise {unknown}
 w - a scroll of butterflies {unknown}
 C - a scroll of enchant armour {unknown}
Potions
 d - 2 potions of might
 l - a potion of berserk rage {unknown}
 m - a potion of curing {unknown}
 q - a potion of haste {unknown}
 s - a potion of lignification {unknown}
 v - a potion of ambrosia {unknown}
 x - 2 potions of heal wounds {unknown}
 z - a potion of mutation {unknown}
 A - 2 potions of attraction {unknown}
 E - a potion of degeneration {unknown}


   Skills:
 + Level 3.4 Fighting
 + Level 3.2 Axes
 + Level 3.6 Armour
 + Level 0.9 Dodging
 + Level 0.7 Stealth
 + Level 3.8 Shields


You had 4 spell levels left.
You didn't know any spells.
Your spell library contained the following spells:

 Spells                   Type           Power      Damage    Failure   Level
 Slow                     Hex            0%         N/A       100%        1
 Passwall                 Tmut/Erth      0%         N/A       100%        2
 Confusing Touch          Hex            0%         N/A       100%        3
 Vampiric Draining        Necr           0%         2d6       100%        3
 Vhi's Electric Charge    Tloc/Air       0%         N/A       100%        3
 Anguish                  Hex/Necr       0%         N/A       100%        4
 Manifold Assault         Tloc           0%         N/A       100%        4
 Arcjolt                  Conj/Air       0%         1d10      100%        5
 Enfeeble                 Hex            0%         N/A       100%        7
 Disjunction              Tloc           0%         N/A       100%        8
 Maxwell's Capacitive Co  Air            0%         ∞         100%        8


Dungeon Overview and Level Annotations

Branches:
Dungeon (4/15)
 Temple: D:4-7

Altars:
Cheibriados
Okawaru
Vehumet

Shops:
D:2 ?


Innate Abilities, Weirdness & Mutations

You have a pair of small horns on your head.
Spells you cast may paralyse adjacent enemies.


Message History

Press: ? - help, Q - select action, (/) - cycle Shift-Dir - straight line, p - ogre
Okay, then.
Throw: 2 darts (atropa)
Press: ? - help, Q - select action, (/) - cycle Shift-Dir - straight line, f/p - ogre
Aim: an ogre, wielding a +0 giant club (73% to hit, chance to blind on hit: 27%)
You throw an atropa-tipped dart. The atropa-tipped dart hits the ogre.
The ogre resists.
Throw: dart (atropa)
Press: ? - help, Q - select action, (/) - cycle Shift-Dir - straight line, f/p - ogre
Aim: an ogre, wielding a +0 giant club (73% to hit, chance to blind on hit: 27%)
You throw an atropa-tipped dart. The atropa-tipped dart hits the ogre.
The ogre appears confused.
y - a staff of earth (weapon)
The ogre seems less confused.
The ogre hits you with a +0 giant club!
The ogre is no longer blind.
The ogre hits you with a +0 giant club.
You see here a +0 whip.
You see here a +0 robe.
Hit: y) staff of earth
Press: ? - help, Dir - move target, p - ogre You swing at nothing.
Hit: y) staff of earth
Press: ? - help, Dir - move target, f - ogre
Aim: an ogre, wielding a +0 giant club (about 24% to evade your staff of earth)
You hit the ogre but do no damage. The ogre hits you with a +0 giant club!
Hit: y) staff of earth
Press: ? - help, Dir - move target, f/p - ogre
Aim: an ogre, wielding a +0 giant club (about 24% to evade your staff of earth)
You hit the ogre.
The ogre is lightly wounded.
The ogre hits you with a +0 giant club!
Aiming: Throw Flame
Press: ? - help, Shift-Dir - straight line, f/p - ogre
Aim: an ogre, wielding a +0 giant club (lightly wounded, 85% to hit)
The puff of flame hits the ogre!
The ogre is heavily wounded.
The ogre hits you with a +0 giant club!!
* * * LOW HITPOINT WARNING * * *
The ogre attacks as you move away! The ogre hits you with a +0 giant club!
You die...

#.##.###.##.....##.#
#.....# #.###.#.#
##...###.###.###.#
#.# ##.# #[..##
##....# #.#
####.####<# #.###
####.# #.>
#.......#.# #.# #.#
### #.......#.####.#
#.# #.......#......#
#.# #.......#####)O#
#.# #.......# #.@#
#.# ###.......# #..#
##.##### #.........#
#..# ######......>
#.#####.### #..#
#............ ..#
#..# #..#
#....[....### .##
#.## #..#
#............ .# #.#
#..# #..........##
.# #.# #..#
#..........# .# #.#
#..# #..........##


You could see an ogre.

Vanquished Creatures
  An orc wizard (D:3)
  Robin (D:3)
  7 adders
  3 gnolls (D:4)
  A worm (D:4)
  2 dart slugs
  6 orcs
  4 endoplasms
  7 giant cockroaches
  16 goblins
  7 hobgoblins
  2 jackals (D:1)
  5 kobolds
  3 quokkas
  4 ball pythons
  7 bats
  A frilled lizard (D:1)
  6 rats
83 creatures vanquished.

Vanquished Creatures (others)
  A plant (D:1)
1 creature vanquished.

Grand Total: 84 creatures vanquished

Notes
Turn   | Place    | Note
-------+----------+-------------------------------------------
     0 | D:1      | gzilladon the Demonspawn Fighter began the quest for the
                  | Orb.
     0 | D:1      | Reached XP level 1. HP: 18/18 MP: 1/1
   112 | D:1      | Got Ytramm's Secrets of Direction and Forms
   199 | D:1      | Gained mutation: Spells you cast may paralyse adjacent
                  | enemies. [demonic ancestry]
   199 | D:1      | Reached XP level 2. HP: 21/24 MP: 2/2
   644 | D:1      | Gained mutation: You have a pair of small horns on your
                  | head. [demonic ancestry]
   644 | D:1      | Reached XP level 3. HP: 28/29 MP: 3/3
  1155 | D:3      | Found a radiant altar of Vehumet.
  1165 | D:3      | Found an iron altar of Okawaru.
  1174 | D:3      | Found a snail-covered altar of Cheibriados.
  1698 | D:3      | Reached XP level 4. HP: 35/35 MP: 4/4
  1796 | D:3      | Identified the +2 helmet "Becusu" {rElec rF+++ rC++ Str-5}
  1796 | D:3      | Noticed Robin
  1848 | D:2      | Found Eseagorgh's Magic Scroll Emporium.
  2385 | D:3      | Killed Robin
  2401 | D:3      | Reached XP level 5. HP: 9/41 MP: 5/5
  2572 | D:3      | Found a faded altar of an unknown god.
  2573 | D:3      | Noticed a great orb of eyes
  2575 | D:3      | Noticed a shining eye
  2576 | D:3      | Noticed a shining eye
  2576 | D:3      | Noticed a golden eye
  3424 | D:4      | Noticed an ogre
  3570 | D:4      | HP: 2/41 [ogre/+0 giant club (19)]
  3571 | D:4      | Demolished by an ogre

Illustrated notes

Levels and vault maps discovered:
D:1:      psy_arrival_wood_between_worlds, layout_basic,
          chequers_serial_rivers_large_b
D:2:      layout_basic, serial_shops, nicolae_diamond_shop
D:3:      layout_basic, minmay_overflow_temple_star_quad,
          hellmonk_ecumenical_altar_watching_god, kennysheep_generic_room_7,
          uniq_robin
D:4:      layout_loops_ring, minmay_misc_feat_rugged

Skill      XL: |  1  2  3  4 |
---------------+-------------+-----
Shields        | 3 |  3.8
Armour         | 3 |  3.6
Axes           | 2 3 |  3.2
Fighting       | |  3.4
Dodging        | |  0.9
Stealth        | |  0.7

Action                   |  1- 3 |  4- 6 || total
-------------------------+-------+-------++-------
Melee: War axe           |    97 |    96 ||   193
       Headbutt          |     8 |     7 ||    15
       Staff             |       |     2 ||     2
Throw: Dart              |       |     2 ||     2
       Stone             |       |     1 ||     1
Evoke: Wand              |       |     1 ||     1
  Use: Potion            |       |     1 ||     1
Armor: Plate armour      |    99 |    94 ||   193
Dodge: Dodged            |    23 |    35 ||    58
Block: Buckler           |    34 |    25 ||    59

Table legend: (Time is in decaauts)
 A = Elapsed time spent in this place.
 B = Non-inter-level travel time spent in this place.
 C = Inter-level travel time spent in this place.
 D = Time resting spent in this place.
 E = Time spent auto-exploring this place.
 F = Levels seen in this place.
 G = Mean time per level.
                   A        B        C        D        E       F      G
               +--------+--------+--------+--------+--------+-----+--------+
         Total |   3707 |   3022 |    685 |    527 |      0 |   4 |  926.8 |
       Dungeon |   3707 |   3022 |    685 |    527 |      0 |   4 |  926.8 |
               +--------+--------+--------+--------+--------+-----+--------+

Top non-repeatable levels by time:
     D:3: 1224 daAuts
     D:4: 951 daAuts
     D:1: 806 daAuts
     D:2: 725 daAuts
